 Dungeon Crawl Stone Soup version 0.26.1-11-gd32895ea62 (webtiles) character file.

Game seed: 16050626054077650313

476 Zeld the Cudgeller (level 7, 0/45 HPs)
             Began as an Octopode Warper on May 16, 2021.
             Slain by a scorpion (5 damage)
             ... on level 4 of the Dungeon.
             The game lasted 00:06:30 (6414 turns).

Zeld the Cudgeller (Octopode Warper)                Turns: 6414, Time: 00:06:31

Health: 0/45       AC:  1    Str: 13    XL:     7   Next: 10%
Magic:  12/12      EV: 13    Int: 15    God:
Gold:   268        SH:  0    Dex: 11    Spells: 2/13 levels left

rFire    . . .     SeeInvis .   a - +0 mace
rCold    . . .     Faith    .   (no shield)
rNeg     . . .     Spirit   .   (helmet restricted)
rPois    .         Reflect  .   (no amulet)
rElec    .         Harm     .   (no ring)
rCorr    .         Rampage  .   (no ring)
Will     .....                  (no ring)
Stlth    ++........             (no ring)
HPRegen  0.15/turn              (no ring)
MPRegen  0.13/turn              (no ring)
                                (no ring)
                                (no ring)

@: lethally poisoned (0 -> -7)
A: almost no armour, stealthy swim, amphibious, 8 rings, constrict 8, camouflage
1, gelatinous body 1
a: no special abilities


You were on level 4 of the Dungeon.
You visited 1 branch of the dungeon, and saw 4 of its levels.

You collected 268 gold pieces.

Inventory:

Hand Weapons
 a - a +0 mace (weapon)
Missiles
 b - 5 boomerangs of dispersal
 k - a boomerang (quivered)
Jewellery
 e - an uncursed ring of protection from cold
Wands
 p - a wand of enslavement (1)
Scrolls
 c - a scroll of blinking
 d - 4 scrolls of amnesia
 h - 2 scrolls of magic mapping
 j - 4 scrolls of remove curse
 q - 2 scrolls of enchant weapon {unknown}
Potions
 f - 2 potions of brilliance
 g - 3 potions of flight
 m - a potion of curing
 o - a potion of might {unknown}


   Skills:
 - Level 2.0 Fighting
 * Level 5.4 Maces & Flails
 - Level 1.0 Throwing
 - Level 2.3 Dodging
 + Level 3.7 Spellcasting
 + Level 4.6 Translocations


You had 2 spell levels left.
You knew the following spells:

 Your Spells              Type           Power        Failure   Level
a - Blink                 Tloc           N/A          4%          2
b - Gell's Gravitas       Tloc           8%           9%          3
c - Lesser Beckoning      Tloc           8%           9%          3
d - Teleport Other        Tloc           16%          9%          3

Your spell library contained the following spells:

 Spells                   Type           Power        Failure   Level
 Passage of Golubria      Tloc           N/A          28%         4


Dungeon Overview and Level Annotations

Branches:
Dungeon (4/15)
 Temple: D:4-7

Altars:
Dithmenos
Nemelex Xobeh
Sif Muna
Trog


Innate Abilities, Weirdness & Mutations

You cannot wear most types of armour.
You are very stealthy in the water. (Stealth+)
You are amphibious.
You can wear up to eight rings at the same time.
You can use your tentacles to constrict eight enemies at once.
Your skin changes colour to match your surroundings (Stealth+).
Your rubbery body absorbs attacks. (AC +1, EV +1)


Message History

You are too injured to fight recklessly!
You closely miss the scorpion. Your grab misses the scorpion.
You squeeze the scorpion.
The scorpion is heavily wounded.
The scorpion stings you.
* * * LOW HITPOINT WARNING * * *
Unknown command.
It was a potion of curing.
You feel better. The scorpion barely misses you.
You hit the scorpion. Your grab misses the scorpion.
The scorpion is severely wounded.
The scorpion stings you!
* * * LOW HITPOINT WARNING * * *
You are lethally poisoned!
The scorpion poisons you!
You hit the scorpion but do no damage. Your grab misses the scorpion.
Your squeeze misses the scorpion.
The scorpion is severely wounded.
* * * LOW HITPOINT WARNING * * *
You feel sick. The scorpion stings you.
You die...

#.##.##########.........
#######.##)...=...............
...<.).....##########.........
....###.##.# #......... #
#.....##.# ####...###
#####..#.# ###.# # ##.#.# #.#
# ######.#.####### ##.###
............@s..# #.....
########...........# #.....
#....####.##.# #..... #....#
.. #..... #....# ## #.....
###### #..... #..... #.....
#....)


You could see a scorpion.

Vanquished Creatures
  A bullfrog (D:4)
  2 howler monkeys (D:4)
  A bullfrog skeleton (D:4)
  Ijyb (D:3)
  2 worker ants (D:4)
  13 adders
  2 oozes
  3 worms
  3 dart slugs
  5 leopard geckos
  9 orcs
  8 bats
  A giant cockroach (D:2)
  5 goblins
  8 hobgoblins
  A jackal (D:3)
  2 quokkas (D:3)
  5 frilled lizards
  16 kobolds
  7 rats
95 creatures vanquished.

Notes
Turn   | Place    | Note
-------+----------+-------------------------------------------
     0 | D:1      | Zeld the Octopode Warper began the quest for the Orb.
     0 | D:1      | Reached XP level 1. HP: 14/14 MP: 3/3
   185 | D:2      | Reached XP level 2. HP: 8/19 MP: 5/5
   324 | D:2      | Learned a level 2 spell: Blink
   351 | D:2      | Reached XP level 3. HP: 22/24 MP: 6/6
   355 | D:2      | Learned a level 3 spell: Gell's Gravitas
   572 | D:2      | Reached skill level 3 in Maces & Flails
  1026 | D:3      | Reached XP level 4. HP: 20/29 MP: 7/7
  1030 | D:3      | Learned a level 3 spell: Lesser Beckoning
  1119 | D:3      | Found a sparkling altar of Nemelex Xobeh.
  1298 | D:4      | Reached XP level 5. HP: 27/34 MP: 9/9
  1475 | D:4      | Reached skill level 4 in Maces & Flails
  3033 | D:2      | Found a shadowy altar of Dithmenos.
  3033 | D:2      | Found a bloodstained altar of Trog.
  3034 | D:2      | Found a shimmering blue altar of Sif Muna.
  3498 | D:3      | Noticed Ijyb
  3541 | D:3      | Killed Ijyb
  3542 | D:3      | Reached XP level 6. HP: 23/39 MP: 10/10
  3551 | D:3      | Learned a level 3 spell: Teleport Other
  6150 | D:4      | Reached skill level 5 in Maces & Flails
  6391 | D:4      | Reached XP level 7. HP: 41/45 MP: 12/12
  6414 | D:4      | Slain by a scorpion

Illustrated notes

Levels and vault maps discovered:
D:1:      dpeg_arrival_simpleton_b, layout_basic, minivault_26
D:2:      layout_basic, gammafunk_temple_overflow_claw, grunt_ministairs_7,
          minmay_curled_crystal
D:3:      minmay_chambers_of_threes, layout_basic, lemuel_crystal_altar,
          uniq_ijyb
D:4:      layout_rooms, nicolae_overflow_crystal_walls

Skill      XL: |  1  2  3  4  5  6 |
---------------+-------------------+-----
Maces & Flails | 3 4 5 |  5.4
Spellcasting   | 3 |  3.7
Translocations | 4 |  4.6
Fighting       | |  2.0
Throwing       | |  1.0
Dodging        | |  2.3

Action                   |  1- 3 |  4- 6 |  7- 9 || total
-------------------------+-------+-------+-------++-------
Melee: Mace              |    51 |   187 |    12 ||   250
       Constrict         |    13 |    46 |     1 ||    60
       Tentacles         |     6 |    39 |     2 ||    47
 Cast: Teleport Other    |       |     2 |       ||     2
       Gell's Gravitas   |       |     2 |       ||     2
  Use: Potion            |     1 |     1 |     1 ||     3
       Scroll            |       |    11 |       ||    11
 Stab: Sleeping          |     1 |    11 |       ||    12
       Distracted        |       |     1 |       ||     1
Armor: Skin              |     8 |    10 |       ||    18
Dodge: Dodged            |    50 |   138 |     5 ||   193
